 Dungeon Crawl Stone Soup version 0.21.1-1-g345015fe64 (webtiles) character file.

5420 enkamrat the Grappler (level 10, -1/98 HPs)
             Began as a Troll Monk on June 11, 2018.
             Was a High Priest of Wu Jian.
             Slain by a two-headed ogre
             ... wielding a +0 dire flail
              (22 damage)
             ... on level 8 of the Dungeon.
             The game lasted 01:10:31 (7740 turns).

enkamrat the Grappler (Troll Monk)                  Turns: 7740, Time: 01:10:32

Health: -1/98      AC:  9    Str: 21    XL:     10   Next: 40%
Magic:  5/9        EV:  9    Int: 10    God:    Wu Jian [*****.]
Gold:   505        SH: 16    Dex: 15    Spells: 9/9 levels left

rFire    . . .     SeeInvis .     - Unarmed
rCold    . . .     Gourm    +   C - +0 large shield
rNeg     . . .     Faith    .   w - +0 troll leather armour {Purgy}
rPois    .         Spirit   .   (helmet restricted)
rElec    .         Reflect  .   (no cloak)
rCorr    .         Harm     .   (gloves unavailable)
MR       .....                  (boots unavailable)
Stlth    ++........             v - amulet of regeneration
HPRegen  1.46/turn              d - +2 ring of protection
MPRegen  0.11/turn              G - +4 ring of intelligence

@: no status effects
A: large, unfitting armour, claws 3, fast metabolism 3, gourmand, regeneration
1, shaggy fur 1, tough skin 2
a: Wall Jump, Serpent's Lash, Heavenly Storm, Renounce Religion


You were on level 8 of the Dungeon.
You worshipped Wu Jian.
Wu Jian was extremely pleased with you.
You were very full.

You visited 2 branches of the dungeon, and saw 10 of its levels.

You collected 505 gold pieces.

Inventory:

Hand Weapons
 l - a +0 blowgun
 A - a +5 dire flail of crushing
 H - the +5 trident "Biukol" {antimagic, Dex+3 SInv}
   (You found it on level 5 of the Dungeon)

   It reduces the magical energy of the wielder, and disrupts the spells and
   magical abilities of those hit.
   Natural abilities and divine invocations are not affected.
   It affects your dexterity (+3).
   It lets you see invisible.
 U - a +4 great sword
 V - a cursed +4 dire flail
Missiles
 c - 131 arrows
 y - 28 sling bullets
 I - 8 poisoned needles
Armour
 a - a +0 robe
 u - a +0 robe
 w - a +0 troll leather armour (worn) {Purgy}
 z - a +0 robe
 C - a +0 large shield (worn)
 M - a +2 robe of magic resistance
Jewellery
 d - a +2 ring of protection (left claw)
 v - an amulet of regeneration (around neck)
 G - a +4 ring of intelligence (right claw)
 P - an uncursed ring of magical power
 S - an uncursed ring of see invisible
Wands
 t - a wand of flame (47)
 O - a wand of acid (20)
Scrolls
 g - 4 scrolls of fear
 h - a scroll of random uselessness
 j - 6 scrolls of teleportation
 k - a scroll of identify
 n - a scroll of fog {unknown}
 p - 3 scrolls of amnesia
 s - a scroll of remove curse {unknown}
 D - 3 scrolls of magic mapping {unknown}
 E - 2 scrolls of blinking
 J - a scroll of noise
 L - 2 scrolls of enchant armour {unknown}
 W - a scroll of enchant weapon {unknown}
Potions
 e - a potion of agility {unknown}
 f - 2 potions of magic {unknown}
 i - 4 potions of lignification {unknown}
 m - a potion of berserk rage {unknown}
 o - 5 potions of heal wounds {unknown}
 q - 3 potions of curing
 r - 3 potions of degeneration {unknown}
 x - 2 potions of mutation {unknown}
 B - a potion of resistance {unknown}
 F - 2 potions of haste
 K - a potion of cancellation {unknown}
 Q - a potion of flight {unknown}
Books
 N - a book of Minor Magic

   Spells                             Type                      Level
   a - Magic Dart                     Conjuration                  1
   b - Blink                          Translocation                2
   c - Call Imp                       Summoning                    2
   d - Slow                           Hexes                        2
   e - Conjure Flame                  Conjuration/Fire             3
   f - Mephitic Cloud                 Conjuration/Poison/Air       3
 R - a book of Conjurations

   Spells                             Type                      Level
   a - Magic Dart                     Conjuration                  1
   b - Searing Ray                    Conjuration                  2
   c - Dazzling Spray                 Conjuration/Hexes            3
   d - Fulminant Prism                Conjuration/Hexes            4
   e - Force Lance                    Conjuration/Translocation    4
   f - Iskenderun's Mystic Blast      Conjuration                  4
 T - a book of Conjurations

   Spells                             Type                      Level
   a - Magic Dart                     Conjuration                  1
   b - Searing Ray                    Conjuration                  2
   c - Dazzling Spray                 Conjuration/Hexes            3
   d - Fulminant Prism                Conjuration/Hexes            4
   e - Force Lance                    Conjuration/Translocation    4
   f - Iskenderun's Mystic Blast      Conjuration                  4
Comestibles
 b - 18 rations


   Skills:
 - Level 6.2 Fighting
 * Level 0.6 Polearms
 - Level 0.1 Throwing
 - Level 5.1 Armour
 - Level 5.0 Dodging
 - Level 1.0 Stealth
 - Level 7.0 Shields
 - Level 8.0 Unarmed Combat


You had 9 spell levels left.
You didn't know any spells.

Dungeon Overview and Level Annotations

Branches:
Dungeon (9/15)             Temple (1/1) D:5
   Lair: D:8-11         Orc: D:9-12

Altars:
Ashenzari
Cheibriados
Dithmenos
Elyvilon
Kikubaaqudgha
Makhleb
Okawaru
Qazlal
Sif Muna
Trog
Vehumet
Wu Jian
Yredelemnul
Zin

Shops:
D:4 [


Innate Abilities, Weirdness & Mutations

You are too large for most types of armour.
You have claws for hands.
Your metabolism is lightning-fast.
You like to eat raw meat.
Your natural rate of healing is unusually fast.
You are covered in fur. (AC +1)
You have very tough skin. (AC +2)


Message History

The two-headed ogre is lightly wounded.
Something hits you.
You block the two-headed ogre's attack. x2
You mangle the two-headed ogre!!
The two-headed ogre is heavily wounded.
Something hits you!
You barely miss the two-headed ogre.
The two-headed ogre is heavily wounded.
You block something's attack.
The two-headed ogre hits you with a dire flail!
The two-headed ogre hits you with a giant spiked club!
You claw the two-headed ogre!
The two-headed ogre is severely wounded.
Something hits you.
The two-headed ogre hits you with a dire flail.
* * * LOW HITPOINT WARNING * * *
The two-headed ogre hits you with a giant spiked club!
* * * LOW HITPOINT WARNING * * *
You block something's attack.
The two-headed ogre hits you with a dire flail!!
You die...

......# ......#
.#####################
'#####...............#
...<#..#.............#
....#..#.............#
....#..'.....†.......#
....#..#.............#
....#..#........@....#
##.#..##.........O...#
.#############.......#
.# #.......# .#
#.......# .# #......<#
## ######### #


You could see a two-headed ogre.

Vanquished Creatures
  Pikel (D:8)
  The ghost of gorpus the Grave Robber, a novice OpNe of Ashenzari (D:6)
  The ghost of GreedyOne the Sneak, a novice KoEn of Ru (D:4)
  Grinder (D:6)
  Eustachio (D:6)
  A yak (D:7)
  A human (D:7)
  A hungry ghost (D:8)
  3 hogs (D:7)
  Edmund (D:4)
  A water moccasin (D:8)
  Purgy (D:4)
  An orc warrior (D:7)
  A sky beast (D:8)
  A necrophage (D:7)
  2 phantoms
  2 ogres
  A centaur (D:6)
  Blork the orc (D:6)
  4 bullfrogs
  The ghost of Mesmodan the Sneak, an amateur SpEn (D:3)
  A gnoll sergeant (D:7)
  A scorpion (D:7)
  A water moccasin skeleton (D:7)
  3 killer bees (D:8)
  A wight (D:8)
  5 howler monkeys
  2 bullfrog zombies
  3 crimson imps
  A hound (D:7)
  4 jellies
  2 orc priests
  A gnoll shaman (D:4)
  Ijyb (D:3)
  Terence (D:3)
  5 orc wizards
  Natasha (twice) (D:4)
  2 iguanas
  5 worker ants
  A hound skeleton (D:4)
  A worker ant zombie (D:5)
  13 adders
  10 gnolls
  A river rat (D:4)
  2 shadow imps
  An adder zombie (D:5)
  2 adder skeletons
  4 worms
  10 leopard geckos
  31 orcs
  6 giant cockroaches
  11 goblins
  3 hobgoblins
  17 jackals
  9 kobolds
  3 quokkas (D:2)
  2 ball pythons (D:2)
  5 bats
  8 frilled lizards
  A jackal skeleton (D:6)
  A leopard gecko zombie (D:6)
  7 rats
218 creatures vanquished.

Vanquished Creatures (others)
  2 wights (D:8)
2 creatures vanquished.

Grand Total: 220 creatures vanquished

Notes
Turn   | Place    | Note
-------+----------+-------------------------------------------
     0 | D:1      | enkamrat the Troll Monk began the quest for the Orb.
     0 | D:1      | Reached XP level 1. HP: 22/22 MP: 0/0
   496 | D:1      | Reached XP level 2. HP: 29/29 MP: 1/1
   661 | D:2      | Reached XP level 3. HP: 25/36 MP: 2/2
   843 | D:2      | Reached skill level 4 in Unarmed Combat
  1220 | D:2      | Reached XP level 4. HP: 45/45 MP: 3/3
  1652 | D:2      | Found an ornate altar of the Wu Jian Council.
  1665 | D:2      | Became a worshipper of the Wu Jian Council
  1665 | D:2      | Reached * piety under Wu Jian
  1665 | D:2      | Reached ** piety under Wu Jian
  1947 | D:3      | Noticed Mesmodan's ghost (amateur SpEn)
  1954 | D:3      | Killed Mesmodan's ghost
  1954 | D:3      | Reached skill level 5 in Unarmed Combat
  1954 | D:3      | Reached XP level 5. HP: 45/53 MP: 4/4
  2022 | D:3      | Noticed Ijyb
  2038 | D:3      | Killed Ijyb
  2262 | D:3      | Noticed Terence
  2276 | D:3      | Killed Terence
  2335 | D:3      | Reached XP level 6. HP: 52/63 MP: 5/5
  2923 | D:4      | Noticed GreedyOne's ghost (novice KoEn)
  2944 | D:4      | Killed GreedyOne's ghost
  2944 | D:4      | Reached skill level 5 in Fighting
  2944 | D:4      | Reached XP level 7. HP: 42/74 MP: 6/6
  2993 | D:4      | Noticed Purgy
  3018 | D:4      | Killed Purgy
  3018 | D:4      | Reached skill level 1 in Armour
  3054 | D:4      | Found Eliklim's Armour Shoppe.
  3151 | D:4      | Reached *** piety under Wu Jian
  3202 | D:4      | Found a glowing drain.
  3436 | D:4      | Noticed Natasha
  3439 | D:4      | Killed Natasha
  3448 | D:4      | Noticed Edmund
  3467 | D:4      | Killed Edmund
  3467 | D:4      | Reached XP level 8. HP: 61/83 MP: 7/7
  3591 | D:4      | Noticed Natasha
  3599 | D:4      | Killed Natasha
  4071 | D:5      | Entered Level 5 of the Dungeon
  4191 | D:5      | Found a glowing silver altar of Zin.
  4365 | D:5      | Reached **** piety under Wu Jian
  4437 | D:5      | Found a staircase to the Ecumenical Temple.
  4442 | Temple   | Entered the Ecumenical Temple
  4676 | D:5      | Got an ebony trident
  4677 | D:5      | Identified the +5 trident "Biukol" {antimagic, Dex+3 SInv} (You found it on level 5 of the Dungeon)
  4995 | D:6      | Reached skill level 1 in Shields
  5019 | D:6      | Noticed Eustachio
  5084 | D:6      | Killed Eustachio
  5302 | D:6      | Noticed Blork the orc
  5326 | D:6      | Killed Blork the orc
  5326 | D:6      | Reached skill level 6 in Unarmed Combat
  5339 | D:6      | Reached XP level 9. HP: 73/89 MP: 8/8
  5511 | D:6      | Noticed gorpus's ghost (novice OpNe)
  5532 | D:6      | Killed gorpus's ghost
  5532 | D:6      | Reached skill level 5 in Armour
  5592 | D:6      | Noticed Grinder
  5597 | D:6      | Paralysed by Grinder for 2 turns
  5601 | D:6      | Killed Grinder
  5989 | D:7      | Reached skill level 5 in Dodging
  5989 | D:7      | Reached skill level 5 in Shields
  6072 | D:7      | Reached ***** piety under Wu Jian
  6562 | D:7      | Reached XP level 10. HP: 98/98 MP: 9/9
  7026 | D:8      | Reached skill level 7 in Unarmed Combat
  7375 | D:8      | Noticed Pikel
  7404 | D:8      | Killed Pikel
  7406 | D:8      | Reached skill level 8 in Unarmed Combat
  7662 | D:8      | Noticed an unseen horror
  7662 | D:8      | Noticed a two-headed ogre
  7740 | D:8      | Slain by a two-headed ogre

Skill      XL: |  1  2  3  4  5  6  7  8  9 10 |
---------------+-------------------------------+-----
Fighting       | 3 4 5 6 |  6.2
Unarmed Combat | 4 5 6 8 |  8.0
Armour         | 3 4 5 |  5.1
Dodging        | 3 4 5 |  5.0
Shields        | 2 7 |  7.0
Polearms       | |  0.6
Throwing       | |  0.1
Stealth        | |  1.0

Action                   |  1- 3 |  4- 6 |  7- 9 | 10-12 || total
-------------------------+-------+-------+-------+-------++-------
Melee: Unarmed           |    65 |   162 |   459 |   149 ||   835
       Punch             |       |     1 |     2 |       ||     3
       Trident           |       |       |       |    12 ||    12
 Fire: Blowgun           |       |       |     4 |       ||     4
Invok: Wall Jump         |       |    34 |    27 |     6 ||    67
       Lunge             |       |    11 |    34 |     9 ||    54
       Whirlwind         |       |     3 |    13 |    19 ||    35
  Use: Scroll            |       |     8 |     1 |     4 ||    13
 Stab: Sleeping          |       |     2 |     3 |       ||     5
       Distracted        |       |     1 |       |       ||     1
  Eat: Chunk             |     7 |    26 |    34 |    15 ||    82
Armor: Robe              |    20 |    50 |     9 |       ||    79
       Troll leather arm |       |       |    98 |    42 ||   140
Dodge: Dodged            |    22 |    67 |   108 |    42 ||   239
Block: Large shield      |       |       |   165 |   120 ||   285
